 Dungeon Crawl Stone Soup version 0.20.0 (webtiles) character file.

58 Llamajah the Shield-Bearer (level 4, -2/37 HPs)
             Began as a Formicid Fighter on July 13, 2017.
             Slain by a gnoll
             ... wielding a +0 halberd
              (15 damage)
             ... on level 1 of the Dungeon.
             The game lasted 00:02:19 (1033 turns).

Llamajah the Shield-Bearer (Formicid Fighter)       Turns: 1033, Time: 00:02:19

Health: -2/37      AC:  6    Str: 20    XL:     4   Next: 20%
Magic:  4/4        EV:  8    Int:  8    God:
Gold:   92         SH:  9    Dex: 11    Spells: 3/3 levels left

rFire    . . .     SeeInvis +   a - +0 war axe
rCold    . . .     Gourm    .   c - +0 shield
rNeg     + . .     Faith    .   b - +0 scale mail
rPois    .         Spirit   .   (helmet unavailable)
rElec    .         Reflect  .   (no cloak)
rCorr    .         Harm     .   (no gloves)
MR       .....                  (no boots)
Stlth    ..........             (no amulet)
Regen    0.2/turn               h - ring of positive energy
MPRegen  0.1/turn               (no ring)

@: no status effects
A: permanent stasis, dig shafts and tunnels, four strong arms, antennae 3
a: Dig, Shaft Self


You were on level 1 of the Dungeon.
You were hungry.

You visited 1 branch of the dungeon, and saw 2 of its levels.

You collected 92 gold pieces.

Inventory:

Hand Weapons
 a - a +0 war axe (weapon)
Armour
 b - a +0 scale mail (worn)
 c - a +0 shield (worn)
Jewellery
 h - a ring of positive energy (left hand)
Scrolls
 e - a scroll of identify {unknown}
 g - a scroll of noise {unknown}
Potions
 d - a potion of might
 i - a potion of agility {unknown}
 k - a potion of invisibility {unknown}
 n - 2 potions of mutation {unknown}
Comestibles
 f - a bread ration
 j - a meat ration
 l - a royal jelly
 m - a chunk of flesh


   Skills:
 + Level 3.7 Fighting
 + Level 2.0 Axes
 * Level 3.5 Armour
 * Level 1.6 Dodging
 * Level 4.4 Shields


You had 3 spell levels left.
You didn't know any spells.

Dungeon Overview and Level Annotations

Branches:
Dungeon (2/15)

Altars:


Innate Abilities, Weirdness & Mutations

You cannot be hasted, slowed, berserked, paralysed or teleported.
You can dig through walls and to a lower floor.
Your four strong arms can wield two-handed weapons with a shield.
You have a pair of large antennae on your head. (SInv)


Message History

You block the gnoll's attack.
You closely miss the gnoll. You block the gnoll's attack.
The gnoll hits you from afar with a halberd.
You hit the gnoll.
The gnoll is moderately wounded.
The gnoll barely misses you. You block the gnoll's attack.
Your shield and scale mail prevent you from hitting the gnoll.
The gnoll is moderately wounded.
You block the gnoll's attack.
The gnoll hits you from afar with a halberd.
The gnoll hits you with a flail!
You are too injured to fight recklessly!
You are too injured to fight recklessly!
You are too injured to fight recklessly!
You are too injured to fight recklessly!
You closely miss the gnoll.
The gnoll is moderately wounded.
You block the gnoll's attack. x2
The gnoll hits you from afar with a halberd!
You die...

## ##...........#####.##.......
.#####............# ##.###.##....
...#..............###.##.###.....
#............#.##........##......
#.##.........#.##...######.......
............##.##................
..##...........##..........##....
..##.........####........####....
..##.......+...#@........####....
####.......##.gg.................
###........#....................
#.............).................
#.##............................
#.##...###......................
#.##...##.......................
#.#........##...................
#.'.............................


You could see 2 gnolls.

Vanquished Creatures
  A gnoll (D:2)
  An adder (D:2)
  3 dart slugs (D:1)
  A leopard gecko (D:1)
  2 bats (D:1)
  A giant cockroach (D:1)
  3 goblins (D:1)
  4 hobgoblins (D:1)
  4 jackals (D:1)
  4 kobolds (D:1)
  2 ball pythons (D:1)
  A frilled lizard (D:1)
  6 rats
33 creatures vanquished.

Notes
Turn   | Place    | Note
-------+----------+-------------------------------------------
     0 | D:1      | Llamajah the Formicid Fighter began the quest for the Orb.
     0 | D:1      | Reached XP level 1. HP: 18/18 MP: 1/1
    67 | D:1      | Reached XP level 2. HP: 24/24 MP: 2/2
   126 | D:1      | Reached skill level 4 in Shields
   165 | D:1      | Reached skill level 1 in Dodging
   269 | D:1      | Reached XP level 3. HP: 28/29 MP: 3/3
   827 | D:2      | Reached XP level 4. HP: 37/37 MP: 4/4
  1033 | D:1      | Slain by a gnoll

Skill      XL: |  1  2 |
---------------+-------+-----
Shields        | 4 |  4.4
Dodging        | 1 |  1.6
Fighting       | |  3.7
Axes           | |  2.0
Armour         | |  3.5

Action                   |  1- 3 |  4- 6 || total
-------------------------+-------+-------++-------
Melee: War axe           |    71 |     7 ||    78
Armor: Scale mail        |    23 |       ||    23
Dodge: Dodged            |    27 |     2 ||    29
Block: Shield            |    23 |     9 ||    32
